PCL
ALBUQUERQUE ISOTOPES @ SAN JOSE MISSIONS
07/19/2023
 
TOP OF THE 1ST
Albuquerque Isotopes batting - Pitching for San Jose Missions : RHP Danny Wheeler
Pitching: RHP Danny Wheeler
Batting: RHB José Bautista 0-0: Ball
1-0: Ball
2-0: Foul Ball, location: 2F
2-1: Ball
3-1: Ground out 4-3 (Groundball, 4)
Batting: RHB Chris Terry 0-0: Swinging Strike
0-1: Ball
1-1: Foul Ball, location: 2F
1-2: Ball
2-2: Ground out 5-3 (Groundball, 56S)
Batting: LHB Juan Carlos Sánchez 0-0: Ball
1-0: SINGLE (Groundball, 6MD)
Batting: RHB Edward Young 0-0: Ball
1-0: Called Strike
1-1: Foul Ball, location: 2F
1-2: Ground out 1-3 (Groundball, 13)
Top of the 1st over - 0 run(s), 1 hit(s), 0 error(s), 1 left on base; Albuquerque 0 - San Jose 0
BOTTOM OF THE 1ST
San Jose Missions batting - Pitching for Albuquerque Isotopes : RHP Teruo Sato
Pitching: RHP Teruo Sato
Batting: RHB Goro Tanabe 0-0: Ground out 1-3 (Groundball, 15)
Batting: LHB Mel Jones 0-0: Called Strike
0-1: Called Strike
0-2: Ball
1-2: Strikes out looking
Batting: RHB Ed Starr 0-0: Ball
1-0: Ground out 3-1 (Groundball, 3)
Bottom of the 1st over - 0 run(s), 0 hit(s), 0 error(s), 0 left on base; Albuquerque 0 - San Jose 0
TOP OF THE 2ND
Albuquerque Isotopes batting - Pitching for San Jose Missions : RHP Danny Wheeler
Batting: LHB David Griffin 0-0: Called Strike
0-1: Ball
1-1: Swinging Strike
1-2: Fly out, F3 (Popup, 3F)
Batting: LHB Manny Mejía 0-0: Ball
1-0: Ball
2-0: Fly out, F5 (Popup, 5F)
Batting: LHB Pedro Vega 0-0: Foul Ball, location: 2F
0-1: Ball
1-1: Ball
2-1: Ground out 4-3 (Groundball, 4)
Top of the 2nd over - 0 run(s), 0 hit(s), 0 error(s), 0 left on base; Albuquerque 0 - San Jose 0
BOTTOM OF THE 2ND
San Jose Missions batting - Pitching for Albuquerque Isotopes : RHP Teruo Sato
Batting: LHB Miguel Montés 0-0: Called Strike
0-1: Ball
1-1: Fly out, F5 (Popup, 5SF)
Batting: LHB Raúl García 0-0: Foul Ball, location: 2F
0-1: Foul Ball, location: 2F
0-2: SINGLE (Groundball, 56S)
Batting: RHB Chang-geun Kim 0-0: Ball
1-0: Swinging Strike
1-1: Ball
2-1: Swinging Strike
2-2: Ball
3-2: Strikes out swinging
Batting: RHB Mike Gordon 0-0: Called Strike
0-1: Called Strike
Raúl García steals 2nd base
0-2: Strikes out swinging
Bottom of the 2nd over - 0 run(s), 1 hit(s), 0 error(s), 1 left on base; Albuquerque 0 - San Jose 0
TOP OF THE 3RD
Albuquerque Isotopes batting - Pitching for San Jose Missions : RHP Danny Wheeler
Batting: LHB Eric Wheeler 0-0: Ball
1-0: Swinging Strike
1-1: DOUBLE (Flyball, 89XD)
Batting: RHB Luis Martínez 0-0: Ball
1-0: DOUBLE (Flyball, 7D)
Eric Wheeler scores
Batting: RHB José Bautista 0-0: Ball
1-0: Called Strike
1-1: Ball
2-1: Foul Ball, location: 2F
2-2: Ball
3-2: SINGLE (Line Drive, 8RS)
Luis Martínez to third
Batting: RHB Chris Terry 0-0: Called Strike
0-1: SINGLE (Line Drive, 56)
Luis Martínez scores
José Bautista to second
Batting: LHB Juan Carlos Sánchez 0-0: Ball
1-0: Ball
2-0: Foul Ball, location: 2F
2-1: Ball
3-1: Foul Ball, location: 2F
3-2: Base on Balls
José Bautista to third
Chris Terry to second
Batting: RHB Edward Young 0-0: Ball
1-0: Ball
2-0: Ball
3-0: Base on Balls
José Bautista scores
Chris Terry to third
Juan Carlos Sánchez to second
Batting: LHB David Griffin 0-0: Called Strike
0-1: Foul Ball, location: 2F
0-2: Ball
1-2: Strikes out looking
Batting: LHB Manny Mejía 0-0: Called Strike
0-1: Foul Ball, location: 2F
0-2: Ball
1-2: SINGLE (Flyball, 8LS)
Chris Terry scores
Juan Carlos Sánchez to third
Edward Young to second
Runner from 3rd tries for Home, SAFE, throw made at trailing runner, SAFE at third!
Batting: LHB Pedro Vega 0-0: Called Strike
Manny Mejía steals 2nd base
0-1: Fly out, F7 (Popup, 56D)
Batting: LHB Eric Wheeler 0-0: Fly out, F5 (Popup, 5F)
Top of the 3rd over - 5 run(s), 5 hit(s), 0 error(s), 2 left on base; Albuquerque 5 - San Jose 0
BOTTOM OF THE 3RD
San Jose Missions batting - Pitching for Albuquerque Isotopes : RHP Teruo Sato
Batting: RHB Edgar Wilson 0-0: Ball
1-0: Foul Ball, location: 2F
1-1: Ball
2-1: Ball
3-1: Ground out 5-3 (Groundball, 56S)
Batting: RHB Stéphane Lambert 0-0: Called Strike
0-1: Ball
1-1: Foul Ball, location: 2F
1-2: Ball
2-2: Foul Ball, location: 2F
2-2: Strikes out swinging
Batting: RHB Goro Tanabe 0-0: Ball
1-0: Called Strike
1-1: SINGLE (Groundball, 5S)
Batting: LHB Mel Jones 0-0: Foul Ball, location: 2F
0-1: Foul Ball, location: 2F
0-2: Ball
1-2: DOUBLE (Flyball, 7D)
Goro Tanabe to third
Batting: RHB Ed Starr 0-0: Called Strike
0-1: Called Strike
0-2: Ball
1-2: Ball
2-2: Foul Ball, location: 2F
2-2: SINGLE (Groundball, 56D)
Goro Tanabe scores
Mel Jones to third
Runner from 3rd tries for Home, SAFE, no throw or cutoff
Batting: LHB Miguel Montés 0-0: Called Strike
0-1: 2-RUN HOME RUN (Flyball, 8LXD), Distance : 440 ft
Batting: LHB Raúl García 0-0: Swinging Strike
0-1: Swinging Strike
0-2: Strikes out swinging
Bottom of the 3rd over - 4 run(s), 4 hit(s), 0 error(s), 0 left on base; Albuquerque 5 - San Jose 4
TOP OF THE 4TH
Albuquerque Isotopes batting - Pitching for San Jose Missions : RHP Danny Wheeler
Batting: RHB Luis Martínez 0-0: Called Strike
0-1: Foul Ball, location: 2F
0-2: Foul Ball, location: 2F
0-2: Ball
1-2: Foul Ball, location: 2F
1-2: Ball
2-2: Ball
3-2: Foul Ball, location: 2F
3-2: Foul Ball, location: 2F
3-2: Base on Balls
Batting: RHB José Bautista 0-0: Ball
Wild Pitch!
Luis Martínez to second
1-0: Swinging Strike
1-1: Ball
2-1: Fly out, F4 (Popup, 4D)
Batting: RHB Chris Terry 0-0: Ball
1-0: Foul Ball, location: 2F
1-1: Swinging Strike
1-2: Foul Ball, location: 2F
1-2: Foul Ball, location: 2F
1-2: Ball
2-2: Strikes out swinging
Batting: LHB Juan Carlos Sánchez 0-0: Called Strike
0-1: Swinging Strike
0-2: Ground out 4-3 (Groundball, 4)
Top of the 4th over - 0 run(s), 0 hit(s), 0 error(s), 1 left on base; Albuquerque 5 - San Jose 4
BOTTOM OF THE 4TH
San Jose Missions batting - Pitching for Albuquerque Isotopes : RHP Teruo Sato
Batting: RHB Chang-geun Kim 0-0: SINGLE (Flyball, 8LS)
Batting: RHB Mike Gordon 0-0: Foul Ball, location: 2F
0-1: Ball
1-1: Grounds into double play, 5-4-3 (Groundball, 5L)
Batting: RHB Edgar Wilson 0-0: Ball
1-0: SINGLE (Groundball, 5S)
Batting: RHB Stéphane Lambert 0-0: Ball
1-0: Ball
2-0: Ball
3-0: Base on Balls
Edgar Wilson to second
Batting: RHB Goro Tanabe 0-0: DOUBLE (Line Drive, 5)
Edgar Wilson scores
Stéphane Lambert to third
Batting: LHB Mel Jones 0-0: Foul Ball, location: 2F
0-1: Ground out U3 (Groundball, 3L)
Bottom of the 4th over - 1 run(s), 3 hit(s), 0 error(s), 2 left on base; Albuquerque 5 - San Jose 5
TOP OF THE 5TH
Albuquerque Isotopes batting - Pitching for San Jose Missions : RHP Danny Wheeler
Batting: RHB Edward Young 0-0: Ball
1-0: Ball
2-0: SOLO HOME RUN (Flyball, 7D), Distance : 384 ft
Batting: LHB David Griffin 0-0: Foul Ball, location: 2F
0-1: Swinging Strike
0-2: Fly out, F8 (Flyball, 8LM)
Batting: LHB Manny Mejía 0-0: Ball
1-0: Called Strike
1-1: Fly out, F7 (Line Drive, 78M)
Batting: LHB Pedro Vega 0-0: Ball
1-0: Ball
2-0: Ball
3-0: Base on Balls
Batting: LHB Eric Wheeler 0-0: Fly out, F7 (Flyball, 78S)
Top of the 5th over - 1 run(s), 1 hit(s), 0 error(s), 1 left on base; Albuquerque 6 - San Jose 5
BOTTOM OF THE 5TH
San Jose Missions batting - Pitching for Albuquerque Isotopes : RHP Teruo Sato
Batting: RHB Ed Starr 0-0: Called Strike
0-1: Ball
1-1: Ball
2-1: Foul Ball, location: 2F
2-2: Foul Ball, location: 2F
2-2: Ball
3-2: Foul Ball, location: 2F
3-2: Ground out 5-3 (Groundball, 5S)
Batting: LHB Miguel Montés 0-0: Called Strike
0-1: Ball
1-1: Foul Ball, location: 2F
1-2: Ball
2-2: Ball
3-2: Foul Ball, location: 2F
3-2: Ground out 4-3 (Groundball, 4)
Batting: LHB Raúl García 0-0: Called Strike
0-1: Ball
1-1: Called Strike
1-2: SINGLE (Line Drive, 4)
Pitching: RHP Manny Muñóz
Batting: RHB Chang-geun Kim 0-0: Called Strike
0-1: Foul Ball, location: 2F
0-2: Ball
1-2: Ground out 5-3 (Groundball, 56)
Bottom of the 5th over - 0 run(s), 1 hit(s), 0 error(s), 1 left on base; Albuquerque 6 - San Jose 5
TOP OF THE 6TH
Albuquerque Isotopes batting - Pitching for San Jose Missions : RHP Danny Wheeler
Pitching: RHP Anthony Jones
Batting: RHB Luis Martínez 0-0: Ball
1-0: Foul Ball, location: 2F
1-1: Fly out, F9 (Flyball, 9D)
Batting: RHB José Bautista 0-0: Ball
1-0: Foul Ball, location: 2F
1-1: Ball
2-1: Fly out, F3 (Popup, 34)
Batting: RHB Chris Terry 0-0: Ball
1-0: Called Strike
1-1: Foul Ball, location: 2F
1-2: Foul Ball, location: 2F
1-2: Strikes out swinging
Top of the 6th over - 0 run(s), 0 hit(s), 0 error(s), 0 left on base; Albuquerque 6 - San Jose 5
BOTTOM OF THE 6TH
San Jose Missions batting - Pitching for Albuquerque Isotopes : RHP Manny Muñóz
Batting: RHB Mike Gordon 0-0: Ball
1-0: Called Strike
1-1: Ground out 1-3 (Groundball, 13)
Batting: RHB Edgar Wilson 0-0: Foul Ball, location: 2F
0-1: Ground out 5-3 (Groundball, 56)
Batting: RHB Stéphane Lambert 0-0: Ball
1-0: Ball
2-0: Foul Ball, location: 2F
2-1: Ball
3-1: Base on Balls
Batting: RHB Goro Tanabe 0-0: Ball
1-0: Ball
2-0: Called Strike
2-1: Called Strike
2-2: Foul Ball, location: 2F
2-2: Ground out 5-3 (Groundball, 56S)
Bottom of the 6th over - 0 run(s), 0 hit(s), 0 error(s), 1 left on base; Albuquerque 6 - San Jose 5
TOP OF THE 7TH
Albuquerque Isotopes batting - Pitching for San Jose Missions : RHP Anthony Jones
Batting: LHB Juan Carlos Sánchez 0-0: Swinging Strike
0-1: Swinging Strike
0-2: Strikes out looking
Batting: RHB Edward Young 0-0: Ball
1-0: Ground out 5-3 (Groundball, 5L)
Batting: LHB David Griffin 0-0: Called Strike
0-1: Fly out, F8 (Line Drive, 8RS)
Top of the 7th over - 0 run(s), 0 hit(s), 0 error(s), 0 left on base; Albuquerque 6 - San Jose 5
BOTTOM OF THE 7TH
San Jose Missions batting - Pitching for Albuquerque Isotopes : RHP Manny Muñóz
Batting: LHB Mel Jones 0-0: Swinging Strike
0-1: Called Strike
0-2: Strikes out swinging
Batting: RHB Ed Starr 0-0: Ball
1-0: Ball
2-0: Foul Ball, location: 2F
2-1: Foul Ball, location: 2F
2-2: Ball
3-2: Fly out, F9 (Line Drive, 89S)
Batting: LHB Miguel Montés 0-0: Foul Ball, location: 2F
0-1: Ground out 4-3 (Groundball, 34)
Bottom of the 7th over - 0 run(s), 0 hit(s), 0 error(s), 0 left on base; Albuquerque 6 - San Jose 5
TOP OF THE 8TH
Albuquerque Isotopes batting - Pitching for San Jose Missions : RHP Anthony Jones
Pitching: RHP Oliver Meléndez
Batting: LHB Manny Mejía 0-0: Called Strike
0-1: Foul Ball, location: 2F
0-2: Ground out U3 (Groundball, 3S)
Batting: LHB Pedro Vega 0-0: Foul Ball, location: 2F
0-1: Ball
1-1: Called Strike
1-2: Ball
2-2: Foul Ball, location: 2F
2-2: Fly out, F7 (Flyball, 8LS)
Batting: LHB Eric Wheeler 0-0: Ground out U3 (Groundball, 3L)
Top of the 8th over - 0 run(s), 0 hit(s), 0 error(s), 0 left on base; Albuquerque 6 - San Jose 5
BOTTOM OF THE 8TH
San Jose Missions batting - Pitching for Albuquerque Isotopes : RHP Manny Muñóz
Pitching: RHP Arthur Smith
Batting: LHB Raúl García 0-0: Ball
1-0: Ball
2-0: Ball
3-0: Called Strike
3-1: SINGLE (Line Drive, 34D)
Batting: RHB Chang-geun Kim 0-0: Sac Bunt - play at first, batter OUT! 1-4
Raúl García to second
Batting: RHB Mike Gordon 0-0: Foul Ball, location: 2F
0-1: Ball
1-1: Ball
2-1: Foul Ball, location: 2F
2-2: Strikes out swinging
Pinch Hitting: LHB Michael Johnson 0-0: Ground out 4-3 (Groundball, 4)
Bottom of the 8th over - 0 run(s), 1 hit(s), 0 error(s), 1 left on base; Albuquerque 6 - San Jose 5
TOP OF THE 9TH
Albuquerque Isotopes batting - Pitching for San Jose Missions : RHP Oliver Meléndez
Now at 1B: Michael Johnson
Batting: RHB Luis Martínez 0-0: Ball
1-0: Called Strike
1-1: Foul Ball, location: 2F
1-2: Foul Ball, location: 2F
1-2: Ball
2-2: Foul Ball, location: 2F
2-2: Ball
3-2: DOUBLE (Line Drive, 9LS)
Batting: RHB José Bautista 0-0: Fly out, F7 (Flyball, 7M)
Pinch Hitting: LHB Mark Vestal 0-0: Ball
1-0: Called Strike
1-1: Foul Ball, location: 2F
1-2: Strikes out swinging
Pitching: RHP Gabriel Moore
Batting: LHB Juan Carlos Sánchez 0-0: Foul Ball, location: 2F
0-1: Ball
1-1: Foul Ball, location: 2F
1-2: Foul Ball, location: 2F
1-2: Ball
2-2: Ground out 6-3 (Groundball, 6M)
Top of the 9th over - 0 run(s), 1 hit(s), 0 error(s), 1 left on base; Albuquerque 6 - San Jose 5
BOTTOM OF THE 9TH
San Jose Missions batting - Pitching for Albuquerque Isotopes : RHP Arthur Smith
Pitching: LHP Dave Rice
Now in LF: Mark Vestal
Pinch Hitting: RHB Joe Broadhead 0-0: Called Strike
0-1: Ball
1-1: SINGLE (Groundball, 6MD)
Batting: RHB Goro Tanabe 0-0: Ball
1-0: Ball
2-0: Ball
3-0: Base on Balls
Joe Broadhead to second
Batting: LHB Mel Jones 0-0: Sac Bunt - play at third, runner OUT! 3-6
Goro Tanabe to second
Batting: RHB Ed Starr 0-0: Ball
1-0: Called Strike
1-1: Ball
2-1: Foul Ball, location: 2F
2-2: Fly out, F3 (Popup, 4S)
Pinch Hitting: RHB Luis Antonio Rosas 0-0: SINGLE (Groundball, 56)
Goro Tanabe to third
Mel Jones to second
Runner from 3rd tries for Home, throw and OUT!
Bottom of the 9th over - 0 run(s), 2 hit(s), 0 error(s), 2 left on base; Albuquerque 6 - San Jose 5
This league is powered by Out of the Park Baseball, the baseball management simulation game for PC, Mac and Linux
Wednesday, December 2nd, 2015 - OOTP Baseball 16.8 Build 38